 Dungeon Crawl Stone Soup version 0.26-a0-808-g930a2b7adc (console) character file.

Game seed: 12052635549956431421

7614 Ignak the Fighter (level 11, -19/113 HPs)
             Began as an Ogre Transmuter on Nov 12, 2020.
             Was a High Priest of Okawaru.
             Killed from afar by Josephine (35 damage)
             ... with a ghostly fireball
             ... on level 9 of the Dungeon.
             The game lasted 00:33:58 (17107 turns).

Ignak the Fighter (Ogre Transmuter)                Turns: 17107, Time: 00:33:58

Health: -19/113    AC:  9    Str: 22    XL:     11   Next: 18%
Magic:  22/22      EV: 15    Int: 15    God:    Okawaru [*****.]
Gold:   120        SH:  0    Dex:  9    Spells: 19/25 levels left

rFire    . . .     SeeInvis .   a - +2 mace (drain)
rCold    + . .     Faith    +   (no shield)
rNeg     . . .     Spirit   .   E - +0 steam dragon scales
rPois    .         Reflect  .   l - +2 hat
rElec    .         Harm     .   t - +0 cloak
rCorr    .         Rampage  .   (gloves unavailable)
MR       ++...                  (boots unavailable)
Stlth    +.........             v - amulet of faith
HPRegen  0.28/turn              j - ring of protection from cold
MPRegen  0.18/turn              i - +4 ring of evasion

@: about to teleport, berserk cooldown, very slightly contaminated, slowed, very
heavily drained, invisible, very slow
A: large, unfitting armour, magic resistance 1, strong 2, tough skin 1
a: Heroism, Finesse, Renounce Religion


You were on level 9 of the Dungeon.
You worshipped Okawaru.
Okawaru was extremely pleased with you.
You visited 2 branches of the dungeon, and saw 11 of its levels.

You collected 660 gold pieces.
You spent 540 gold pieces at shops.

Inventory:

Hand Weapons
 a - a +2 mace of draining (weapon)
 b - a +0 great mace of holy wrath
 u - a +0 giant spiked club
Missiles
 q - 42 poisoned darts (quivered)
Armour
 l - a +2 hat (worn)
 t - a +0 cloak (worn)
 E - +0 steam dragon scales (worn)
Jewellery
 i - a +4 ring of evasion (right hand)
 j - a ring of protection from cold (left hand)
 n - an uncursed amulet of magic regeneration
 s - an uncursed ring of see invisible
 v - an amulet of faith (around neck)
 F - an uncursed amulet of regeneration
Wands
 m - a wand of iceblast (4)
 D - a wand of acid (11)
Scrolls
 c - 3 scrolls of fog
 d - 6 scrolls of identify
 f - a scroll of enchant armour
 g - a scroll of amnesia
 h - 2 scrolls of immolation
 o - 6 scrolls of remove curse
 p - 4 scrolls of teleportation
 y - a scroll of enchant weapon
 G - 2 scrolls of blinking
Potions
 e - a potion of brilliance
 k - a potion of resistance
 r - 2 potions of curing
 w - a potion of berserk rage
 z - a potion of cancellation
 A - a potion of flight
 C - a potion of lignification


   Skills:
 + Level 8.6(4.3) Fighting
 * Level 8.1(3.8) Maces & Flails
 * Level 8.4(4.0) Dodging
 - Level 3.1(0.0) Unarmed Combat
 + Level 7.5(3.3) Spellcasting
 + Level 6.1(2.0) Transmutations


You had 19 spell levels left.
You knew the following spells:

 Your Spells              Type           Power        Failure   Level
a - Spider Form           Tmut/Pois      #.........   36%         3
c - Wereblood             Tmut           #.......     13%         2
z - Beastly Appendage     Tmut           #.....       9%          1

Your spell library contained the following spells:

 Spells                   Type           Power        Failure   Level
 Ice Form                 Ice/Tmut       #.......     77%         4
 Blade Hands              Tmut           #.........   93%         5


Dungeon Overview and Level Annotations

Branches:
Dungeon (10/15)            Temple (1/1) D:5
   Lair: D:8-11         Orc: D:9-12

Altars:
Cheibriados
Dithmenos
Elyvilon
Fedhas
Hepliaklqana
Kikubaaqudgha
Makhleb
Nemelex Xobeh
Okawaru
Qazlal
Sif Muna
Trog
Uskayaw
Wu Jian
Yredelemnul
Zin

Shops:
D:7 *   D:8 =

Annotations:
D:9 Josephine


Innate Abilities, Weirdness & Mutations

You are too large for most types of armour.
You have tough skin. (AC +1)
You are resistant to hostile enchantments. (MR+)
Your muscles are very strong. (Str +4)


Message History

Josephine closely misses you.
You are very lightly contaminated with residual magic.
Unknown command.
Josephine says, "I'll make a rug of your skin."
There is an open door here.
You sock Josephine!
Josephine is lightly wounded.
Josephine casts a spell at you.
The ghostly flame explodes!
The ghostly fireball engulfs you!!
You feel drained.
* * * LOW HITPOINT WARNING * * *
The ghostly fireball engulfs Josephine.
Josephine completely resists.
Josephine closely misses you.
Okay, then.
As you read the scroll of teleportation, it crumbles to dust.
You feel strangely unstable. Josephine completely misses you.
Josephine points at something and mumbles some strange words.
The ghostly flame explodes!
The ghostly fireball engulfs you!!
You feel drained.
You die...

#..#.......#.................#...
#..######..#.................#...
#.......#....................#...
#.......####...######........####
#............###....#............
#............#......#............
#....######..#......#............
#....# #..#......###.......###
.....# #..#..@.....#.......'..
.....# #..#........#.......#..
..W..# #..####@#...#.......#..
.....######.......'...#...[...#..
###...............#####.......#..
#......=....................#..
#...........................###
#...#####......................
#...# #......................


You could see Josephine.

Vanquished Creatures
  A two-headed ogre (D:7)
  An unseen horror (D:9)
  Pikel (D:7)
  Maggie (D:6)
  8 yaks (D:9)
  Grum (D:9)
  4 wraiths (D:9)
  A water moccasin (D:8)
  4 sky beasts
  2 ice beasts
  A hornet zombie (D:8)
  5 ogres
  A phantom (D:9)
  4 centaurs
  3 wolves (D:8)
  4 lemures (D:6)
  2 bullfrogs
  A wyvern skeleton (D:8)
  A scorpion (D:6)
  8 howler monkeys
  3 jellies
  7 hounds
  3 orc priests (D:3)
  2 bullfrog skeletons
  2 iguanas
  6 orc wizards
  Crazy Yiuf (D:3)
  7 worker ants
  A killer bee zombie (D:8)
  A howler monkey zombie (D:9)
  3 worker ant zombies
  2 howler monkey skeletons
  10 adders
  15 gnolls
  A shadow imp (D:9)
  2 white imps (D:5)
  4 ufetubi
  4 oozes
  3 worms
  14 dart slugs
  6 leopard geckos
  24 orcs
  11 giant cockroaches
  7 hobgoblins
  16 jackals
  3 quokkas
  4 ball pythons
  15 bats
  6 frilled lizards
  13 goblins
  A jackal skeleton (D:9)
  4 kobolds
  A leopard gecko skeleton (D:6)
  A leopard gecko zombie (D:5)
  A quokka skeleton (D:9)
  8 rats
  2 bushes (D:2)
268 creatures vanquished.

Vanquished Creatures (others)
  4 plants (D:2)
4 creatures vanquished.

Grand Total: 272 creatures vanquished

Notes
Turn   | Place    | Note
-------+----------+-------------------------------------------
     0 | D:1      | Ignak the Ogre Transmuter began the quest for the Orb.
     0 | D:1      | Reached XP level 1. HP: 19/19 MP: 3/3
   295 | D:1      | Reached XP level 2. HP: 25/27 MP: 3/5
   562 | D:1      | Reached XP level 3. HP: 27/35 MP: 7/7
   695 | D:1      | Learned a level 2 spell: Wereblood
  1484 | D:1      | You fall into a shaft and drop 1 floor!
  1550 | D:2      | Reached XP level 4. HP: 44/44 MP: 8/8
  2968 | D:2      | Reached skill level 1 in Maces & Flails
  2998 | D:2      | Reached XP level 5. HP: 22/52 MP: 6/9
  4020 | D:3      | Reached XP level 6. HP: 60/61 MP: 9/11
  4962 | D:3      | Learned a level 3 spell: Spider Form
  5165 | D:3      | Found a runed translucent door.
  5166 | D:3      | Noticed Crazy Yiuf
  5184 | D:3      | Killed Crazy Yiuf
  5805 | D:4      | Reached XP level 7. HP: 63/70 MP: 10/13
  6532 | D:4      | Found a white marble altar of Elyvilon.
  6768 | D:5      | Entered Level 5 of the Dungeon
  7185 | D:5      | Reached XP level 8. HP: 74/79 MP: 14/14
  7316 | D:5      | Found a staircase to the Ecumenical Temple.
  7323 | Temple   | Entered the Ecumenical Temple
  7357 | Temple   | Became a worshipper of Warmaster Okawaru
  8242 | D:5      | Reached skill level 5 in Fighting
  8833 | D:6      | Reached * piety under Okawaru
  8833 | D:6      | Reached skill level 5 in Dodging
  8833 | D:6      | Reached skill level 5 in Spellcasting
  8998 | D:6      | Found a snail-covered altar of Cheibriados.
  9684 | D:7      | Found Xyibb's General Store.
  9788 | D:7      | Noticed Pikel
  9864 | D:6      | HP: 3/81 [lemure[Pikel] (10)]
 11105 | D:7      | Noticed Maggie
 11275 | D:6      | Killed Maggie
 11275 | D:6      | Reached ** piety under Okawaru
 11275 | D:6      | Reached skill level 5 in Maces & Flails
 11275 | D:6      | Reached XP level 9. HP: 81/89 MP: 13/17
 11318 | D:7      | Killed Pikel
 11985 | D:8      | Noticed a two-headed ogre
 13460 | D:8      | Reached *** piety under Okawaru
 13522 | D:7      | Bought a +4 ring of evasion for 540 gold pieces
 13910 | D:7      | Killed a two-headed ogre
 13910 | D:7      | Reached skill level 5 in Transmutations
 13910 | D:7      | Reached XP level 10. HP: 39/102 MP: 19/19
 14390 | D:8      | Found Ahajug's Jewellery Boutique.
 14757 | D:9      | Reached **** piety under Okawaru
 15199 | D:9      | Noticed an unseen horror
 15210 | D:9      | Killed an unseen horror
 15210 | D:9      | Reached ***** piety under Okawaru
 15270 | D:9      | Noticed Grum
 15633 | D:9      | Killed Grum
 16385 | D:9      | Reached XP level 11. HP: 99/113 MP: 20/22
 16386 | D:9      | Received a gift from Okawaru
 16520 | D:9      | Gained mutation: You are resistant to hostile enchantments.
                  | (MR+) [potion of mutation]
 16520 | D:9      | Gained mutation: Your muscles are strong. (Str +2) [potion
                  | of mutation]
 16520 | D:9      | Gained mutation: Your muscles are very strong. (Str +4)
                  | [potion of mutation]
 16663 | D:10     | Entered Level 10 of the Dungeon
 16667 | D:10     | Noticed Josephine
 17107 | D:9      | Killed from afar by Josephine

Illustrated notes

Levels and vault maps discovered:
D:1:      lightli_arrival_statue_moat, layout_loops_ring, minmay_hexomino_c4
D:2:      layout_basic, serial_forest, infiniplex_forest_clump_diagonal,
          infiniplex_forest_zigzag_1, infiniplex_forest_lined_3,
          infiniplex_forest_end_1, infiniplex_forest_zigzag_1,
          infiniplex_forest_zigzag_2, infiniplex_forest_end_3,
          hangedman_decor_riveting, grunt_ministairs_15, minmay_joined_circles
D:3:      kennysheep_slugbush, layout_basic, uniq_crazy_yiuf_cottage
D:4:      layout_loops_ring, elyvilon_altar_3
D:5:      layout_basic, minmay_temple_entry_crystal_x
D:6:      layout_loops_ring, kennysheep_slug_shrine
D:7:      layout_loops_corners, serial_shops, shop, uniq_maggie, uniq_pikel
D:8:      layout_cave_pools, serial_shops, nicolae_shop_stone
D:9:      layout_irregular_city, minmay_misc_feat_square, uniq_grum
D:10:     minmay_distorted_concentric_squares, layout_gridville,
          nicolae_gozag_seed_capital, uniq_erica, uniq_gastronok, uniq_josephine
Temple:   grunt_wide_crystal_templ

Skill      XL: |  1  2  3  4  5  6  7  8  9 10 11 |
---------------+----------------------------------+-----
Transmutations | 2 3 4 5 6 |  6.1
Dodging        | 2 3 4 5 6 8 |  8.4
Fighting       | 2 3 4 6 7 8 |  8.6
Unarmed Combat | 3 |  3.1
Spellcasting   | 3 4 5 6 7 |  7.5
Maces & Flails | 1 2 3 5 6 7 8 |  8.1

Action                   |  1- 3 |  4- 6 |  7- 9 | 10-12 || total
-------------------------+-------+-------+-------+-------++-------
Melee: Whip              |    42 |       |    12 |       ||    54
       Unarmed           |     3 |       |    63 |    62 ||   128
       Kick              |     7 |    23 |    39 |    35 ||   104
       Headbutt          |     3 |    15 |    27 |    25 ||    70
       Dagger            |    45 |   252 |       |       ||   297
       Punch             |       |     4 |     6 |     1 ||    11
       Quarterstaff      |       |    10 |    28 |       ||    38
       Mace              |       |       |   271 |   214 ||   485
       Great mace        |       |       |       |    19 ||    19
Throw: Dart              |       |    19 |    15 |     1 ||    35
 Cast: Beastly Appendage |     6 |    19 |    34 |    16 ||    75
       Spider Form       |       |       |    10 |     5 ||    15
       Wereblood         |       |       |     2 |     4 ||     6
Invok: Heroism           |       |       |       |     1 ||     1
Evoke: Wand              |       |       |     7 |       ||     7
  Use: Potion            |       |     7 |     1 |     3 ||    11
       Scroll            |       |     5 |    14 |     6 ||    25
Armor: Robe              |    40 |    64 |    63 |       ||   167
       Steam dragon scal |       |       |    62 |    98 ||   160
Dodge: Dodged            |    45 |    96 |   358 |   363 ||   862

Table legend: (Time is in decaauts)
 A = Elapsed time spent in this place.
 B = Non-inter-level travel time spent in this place.
 C = Inter-level travel time spent in this place.
 D = Time resting spent in this place.
 E = Time spent auto-exploring this place.
 F = Levels seen in this place.
 G = Mean time per level.
                   A        B        C        D        E       F      G
               +--------+--------+--------+--------+--------+-----+--------+
         Total |  17238 |  16891 |    347 |   6093 |   6247 |  11 | 1567.1 |
       Dungeon |  17079 |  16732 |    347 |   5996 |   6247 |  10 | 1707.9 |
        Temple |    159 |    159 |      0 |     97 |      0 |   1 |  159.0 |
               +--------+--------+--------+--------+--------+-----+--------+

Top non-repeatable levels by time:
     D:7: 3089 daAuts
     D:2: 2276 daAuts
     D:9: 2090 daAuts
     D:6: 1980 daAuts
     D:3: 1789 daAuts
     D:1: 1755 daAuts
     D:5: 1454 daAuts
     D:4: 1338 daAuts
     D:8: 1288 daAuts
  Temple: 159 daAuts
    D:10: 15 daAuts
